 Dungeon Crawl Stone Soup version 0.18.1-48-g4cf74bf (webtiles) character file.

133 Gargoyl the Skirmisher (level 4, -4/37 HPs)
             Began as a Demonspawn Abyssal Knight on Aug 30, 2016.
             Was a Priest of Lugonu.
             Killed by nerve-wracking pain
             ... invoked by an orc priest
              (14 damage)
             ... on level 3 of the Dungeon.
             The game lasted 00:04:01 (1541 turns).

Gargoyl the Skirmisher (Demonspawn Abyssal Knight)  Turns: 1541, Time: 00:04:01

Health: -4/37      AC: 12    Str: 12 (13) XL:     4   Next: 94%
Magic:  5/5        EV:  3    Int: 15 (18) God:    Lugonu [***...]
Gold:   97         SH:  0    Dex: 11 (13) Spells: 0 memorised, 3 levels left

rFire  + . .     SeeInvis .     k - +0 war axe
rCold  . . .     Gourm    .     f - +0 plate armour
rNeg   . . .     Faith    .     (no shield)
rPois  .         Spirit   .     o - +0 helmet
rElec  .         Dismiss  .     (no cloak)
rCorr  .         Reflect  .     (no gloves)
SustAt .         Harm     .     (no boots)
MR     .....                    (no amulet)
Stlth  ..........               (no ring)
                                (no ring)

@: brilliant, slowed, very slow, not resistant to hostile enchantments,
extremely unstealthy
A: fire resistance 1, powered by death 1
a: Depart the Abyss, Bend Space, Banish, Renounce Religion


You were on level 3 of the Dungeon.
You worshipped Lugonu.
Lugonu was most pleased with you.
You were not hungry.

You visited 1 branch of the dungeon, and saw 3 of its levels.
You visited the Abyss 1 time.

You collected 97 gold pieces.

Inventory:

Hand Weapons
 k - a +0 war axe (weapon)
Missiles
 i - 3 javelins (quivered)
Armour
 f - a +0 plate armour (worn)
 o - a +0 helmet (worn)
Wands
 j - a wand of slowing (34/48)
Scrolls
 b - 4 scrolls of identify {unknown}
 d - a scroll of recharging {unknown}
 g - a scroll of magic mapping {unknown}
 h - a scroll of teleportation {unknown}
 m - 2 scrolls of enchant weapon {unknown}
 n - 2 scrolls of remove curse {unknown}
Potions
 l - a potion of cancellation {unknown}
 p - a potion of degeneration
Comestibles
 c - 5 bread rations
 q - 2 chunks of flesh


   Skills:
 + Level 4.2 Fighting
 + Level 2.3 Axes
 * Level 3.2 Armour
 + Level 1.2 Dodging
 + Level 2.6 Invocations


You had 3 spell levels left.
You didn't know any spells.

Dungeon Overview and Level Annotations

Branches:
Dungeon (3/15)

Altars:


Innate Abilities, Weirdness & Mutations

Your flesh is heat resistant.
You regenerate a little health from kills.


Message History

The orc priest hits you with a trident.
* * * LOW HITPOINT WARNING * * *
The orc hits you with a short sword.
* * * LOW HITPOINT WARNING * * *
Drink which item? (? for menu, Esc to quit)
It was a potion of degeneration.
There was something very wrong with that liquid.
You feel weakened.
You feel dopey.
You feel clumsy. The orc wizard barely misses you.
The orc wizard hits you but does no damage.
The orc priest hits you but does no damage.
The orc hits you but does no damage.
The orc wizard casts a spell.
The orc wizard blinks!
Drink which item? (? for menu, Esc to quit)
It was a potion of brilliance.
You feel clever all of a sudden.
The orc priest invokes the aid of Beogh against you.
Pain shoots through your body!
You die...

##.# ###....### #..#
..........###### #.##
.......##......# #.#
#......b......####.###
#.... #......#.<....#
#o... #$....#......#
###...o###.((.†.).....#
.....oo@§......#......#
.##########....#......#
#....#......#
#....#......#
#############


You could see an orc priest, an orc wizard and 2 orcs.

Vanquished Creatures
  Jessica (D:2)
  Robin (D:2)
  An adder (D:2)
  2 dart slugs
  A giant gecko (D:1)
  2 orcs (D:3)
  6 bats
  2 giant cockroaches
  7 goblins
  13 hobgoblins
  13 jackals
  2 quokkas (D:2)
  3 giant newts (D:1)
  9 kobolds
  11 rats
74 creatures vanquished.

Notes
Turn   | Place    | Note
--------------------------------------------------------------
     0 | Abyss:1  | Gargoyl the Demonspawn Abyssal Knight began the quest for the Orb.
     0 | Abyss:1  | Reached XP level 1. HP: 18/18 MP: 2/2
    11 | Abyss:1  | Found a corrupted altar of Lugonu.
    81 | Abyss:1  | Noticed a small abomination
    89 | Abyss:3  | Found a corrupted altar of Lugonu.
   102 | Abyss:3  | Found a corrupted altar of Lugonu.
   133 | Abyss:3  | Noticed a smoke demon
   134 | D:1      | Escaped the Abyss
   353 | D:1      | Reached skill level 1 in Dodging
   380 | D:1      | Reached * piety under Lugonu
   380 | D:1      | Gained mutation: You regenerate a little health from kills. [demonic ancestry]
   380 | D:1      | Reached XP level 2. HP: 17/24 MP: 3/3
   835 | D:1      | Gained mutation: Your flesh is heat resistant. [demonic ancestry]
   835 | D:1      | Reached XP level 3. HP: 27/29 MP: 4/4
  1016 | D:2      | Reached ** piety under Lugonu
  1164 | D:2      | Noticed Jessica
  1176 | D:2      | Noticed Robin
  1180 | D:2      | Killed Jessica
  1180 | D:2      | Reached XP level 4. HP: 36/37 MP: 5/5
  1183 | D:2      | Reached skill level 4 in Fighting
  1200 | D:2      | Killed Robin
  1512 | D:3      | Reached *** piety under Lugonu
  1541 | D:3      | Killed from afar by an orc priest

Skill      XL: |  1  2  3  4 |
---------------+-------------+-----
Dodging        | 1 |  1.2
Armour         | 2 3 |  3.2
Axes           | 2 |  2.3
Fighting       | 4 |  4.2
Invocations    | |  2.6

Action                   |  1- 3 |  4- 6 || total
-------------------------+-------+-------++-------
Melee: Hand axe          |   175 |    33 ||   208
       War axe           |       |    51 ||    51
Invok: Depart the Abyss  |     1 |       ||     1
  Use: Potion            |     1 |     3 ||     4
  Eat: Chunk             |     1 |     2 ||     3
Armor: Plate armour      |   188 |   167 ||   355
Dodge: Dodged            |    36 |    42 ||    78
